 Dungeon Crawl Stone Soup version 0.30.0-13-g156ef70053 (webtiles) character file.

Game seed: 2542567577446120961

12 cheesebisquit the Caller (level 2, -3/11 HPs)
             Began as a Felid Summoner on May 17, 2023.
             Slain by an adder (4 damage)
             ... on level 2 of the Dungeon.
             The game lasted 00:04:40 (853 turns).

cheesebisquit the Caller (Felid Summoner)            Turns: 853, Time: 00:04:40

Health: -3/11      AC:  1    Str:  4    XL:     2   Next: 20%
Magic:  2/6        EV: 17    Int: 16    God:
Gold:   11         SH:  0    Dex: 16    Spells: 2/5 levels left
                                        Lives:  0   Deaths: 0

rFire   . . .        (weapon unavailable)
rCold   . . .        (shield unavailable)
rNeg    . . .        (body armour unavailable)
rPois   .            (helmet unavailable)
rElec   .            (cloak unavailable)
rCorr   .            (gloves unavailable)
SInv    +            (boots unavailable)
Will    .....        (no amulet)
Stlth   ++           (no ring)
HPRegen 0.21/turn    (no ring)
MPRegen 0.10/turn

%: no passive effects
@: lethally poisoned (-3 -> -4), very slightly contaminated, quick
A: very small, claws 1, fangs 3, see invisible, speed 1, shaggy fur 1, stealthy
paws, no weapons or thrown items, no armour, multi-lived
a: no special abilities


You were on level 2 of the Dungeon.
You visited 1 branch of the dungeon, and saw 2 of its levels.

You collected 11 gold pieces.

Inventory:

Scrolls
 b - a scroll of torment {unknown}
 c - a scroll of fog {unknown}
Potions
 a - a potion of magic
 d - a potion of lignification {unknown}
 e - a potion of ambrosia {unknown}
 f - a potion of haste {unknown}


   Skills:
 - Level 2.6 Dodging
 - Level 2.6 Stealth
 + Level 2.4 Spellcasting
 + Level 4.3 Summonings


You had 2 spell levels left.
You knew the following spells:

 Your Spells              Type           Power      Damage    Failure   Level
a - Summon Small Mammal   Summ           60%        N/A       3%          1
b - Call Imp              Summ           30%        N/A       5%          2

Your spell library contained the following spells:

 Spells                   Type           Power      Damage    Failure   Level
 Call Canine Familiar     Summ           15%        N/A       11%         3
 Summon Guardian Golem    Hex/Summ       8%         N/A       24%         3
 Summon Lightning Spire   Summ/Air       8%         N/A       63%         4


Dungeon Overview and Level Annotations

Branches:
Dungeon (2/15)

Altars:

Annotations:
D:1 1 runed translucent door


Innate Abilities, Weirdness & Mutations

You have sharp claws.
You have razor-sharp teeth.
You have supernaturally acute eyesight. (SInv)
You cover ground quickly. (Speed+)
You are covered in fur. (AC +1)
Your paws help you pounce on unaware monsters.
You are incapable of wielding weapons or throwing items.
You cannot wear armour.
You gain extra lives every three experience levels.


Message History

The hobgoblin shouts!
The adder hisses angrily.
There is a stone staircase leading up here.
The hobgoblin misses you.
You miscast Summon Small Mammal.
You are very lightly contaminated with residual magic.
Nothing appears to happen.
The hobgoblin barely misses you.
Casting: Summon Small Mammal (safe; 3% risk of failure)
Confirm with . or Enter, or press ? or * to list all spells.
A tiny devil pulls itself out of the air.
Your rat barely misses the hobgoblin.
The rat closely misses you. The hobgoblin closely misses you.
You scratch the hobgoblin but do no damage.
You bite the hobgoblin.
The hobgoblin is heavily wounded.
The adder bites you. x2
You are poisoned.
The adder poisons you!
Your cerulean imp barely misses the hobgoblin.
Your rat barely misses the hobgoblin.
The rat bites you. The hobgoblin completely misses you.
* * * LOW HITPOINT WARNING * * *
You feel sick.
Okay, then.
* * * LOW HITPOINT WARNING * * *
You feel sick.
Your rat bites the hobgoblin but does no damage.
The hobgoblin barely misses your rat.
Your cerulean imp hits the hobgoblin but does no damage.
The rat barely misses your rat.
* * * LOW HITPOINT WARNING * * *
You feel sick.
Your cerulean imp hits the hobgoblin but does no damage.
The hobgoblin completely misses your cerulean imp.
Something closely misses your rat.
Your rat bites the hobgoblin.
* * * LOW HITPOINT WARNING * * *
You feel sick. Something misses your cerulean imp.
Something bites your cerulean imp.
Okay, then.
The adder attacks as you move away! The adder bites you.
You die...

..# #.# ###.# ....
#..# #..##
.#####.gr#
.......5.##########
######...rS@.......
.......###########
######.. ###


You could see an adder, a friendly cerulean imp (summoned) and a friendly rat
(summoned).

Vanquished Creatures
  A ball python (D:1)
  A bat (D:1)
2 creatures vanquished.

Vanquished Creatures (collateral kills)
  An endoplasm (D:1)
  A goblin (D:1)
  2 kobolds (D:1)
  7 frilled lizards (D:1)
11 creatures vanquished.

Grand Total: 13 creatures vanquished

Notes
Turn   | Place    | Note
-------+----------+-------------------------------------------
     0 | D:1      | cheesebisquit the Felid Summoner began the quest for the
                  | Orb.
     0 | D:1      | Reached XP level 1. HP: 7/7 MP: 4/4
     1 | D:1      | Found a runed translucent door.
     2 | D:1      | Noticed a jelly
   739 | D:1      | Reached XP level 2. HP: 11/11 MP: 3/6
   837 | D:1      | Learned a level 2 spell: Call Imp
   853 | D:2      | Slain by an adder

Illustrated notes

Levels and vault maps discovered:
D:1:      dpeg_arrival_caged_fury, layout_loops_ring, minmay_lizard_king
D:2:      layout_loops_ring, minivault_26, minmay_misc_feat_square

Action                     || total
---------------------------++-------
  Melee: Unarmed           ||     4
         Bite              ||     3
   Cast: Summon Small Mamm ||    19
         Call Imp          ||     1
  Dodge: Dodged            ||     8
